 Dungeon Crawl Stone Soup version 0.23-a0-582-g1b4a0ca (webtiles) character file.

13412 gruber the Martial Artist (level 12, -16/91 HPs)
             Began as a Gnoll Transmuter on Dec 16, 2018.
             Was an Elder of Okawaru.
             Hit by a javelin thrown by a minotaur (36 damage)
             ... in a Gauntlet.
             The game lasted 00:28:45 (12231 turns).

gruber the Martial Artist (Gnoll Transmuter)       Turns: 12231, Time: 00:28:45

Health: -16/91     AC:  2    Str: 17    XL:     12   Next: 5%
Magic:  23/24      EV: 34    Int: 20    God:    Okawaru [****..]
Gold:   758        SH:  0    Dex: 20    Spells: 18/28 levels left

rFire    . . .     SeeInvis .     - Unarmed
rCold    . . .     Gourm    .   (shield currently unavailable)
rNeg     . . .     Faith    .   (armour currently unavailable)
rPois    x         Spirit   .   (helmet currently unavailable)
rElec    .         Reflect  .   (cloak currently unavailable)
rCorr    .         Harm     .   (gloves currently unavailable)
MR       .....     NoTele   +   (boots currently unavailable)
Stlth    +++++.....             (no amulet)
HPRegen  0.25/turn              k - +3 ring of strength
MPRegen  0.19/turn              (no ring)

@: spider-form (expiring), heroism
A: tiny, distributed training, strong nose
a: End Transformation, Heroism, Renounce Religion


You were in a Gauntlet.
You worshipped Okawaru.
Okawaru was greatly pleased with you.
You were not hungry.
You were a venomous arachnid creature.
You visited 2 branches of the dungeon, and saw 14 of its levels.
You also visited: Sewer and Gauntlet.

You collected 758 gold pieces.

Inventory:

Hand Weapons
 v - a +3 mace of protection (melded)
Missiles
 a - 206 arrows
Armour
 o - a +0 pair of boots (melded)
 u - the +6 chain mail "Ryeriluch" {Regen+ Int+7}
   (You found it on level 5 of the Dungeon)

   It affects your intelligence (+7).
   It increases your rate of regeneration.
 F - a +2 cloak of magic resistance (melded)
 G - a +0 hat of see invisible (melded)
 H - a +3 leather armour of fire resistance (melded)
Jewellery
 f - a +1 ring of evasion
 k - a +3 ring of strength (left front leg)
 l - a cursed amulet of inaccuracy {unknown}
Wands
 c - a wand of flame (31)
 j - a wand of acid (36)
 n - a wand of iceblast (7)
 t - a wand of polymorph (7)
 y - a wand of digging (3)
Scrolls
 g - 8 scrolls of identify
 h - 6 scrolls of blinking
 i - 3 scrolls of teleportation
 m - 4 scrolls of remove curse
 p - 3 scrolls of enchant weapon
 x - a scroll of magic mapping {unknown}
 B - 2 scrolls of fear
 D - a scroll of random uselessness {unknown}
Potions
 e - a potion of curing
 r - 2 potions of invisibility
 s - 4 potions of haste
 w - a potion of heal wounds
 z - a potion of brilliance {unknown}
 A - 2 potions of mutation {unknown}
 C - a potion of lignification {unknown}
 E - 2 potions of resistance {unknown}
Comestibles
 d - 18 rations


   Skills:
 + Level 7.3(12.3) Fighting
 + Level 6.7(11.7) Short Blades
 + Level 6.7(11.7) Long Blades
 + Level 6.7(11.7) Axes
 + Level 6.7(11.7) Maces & Flails
 + Level 6.7(11.7) Polearms
 + Level 6.7(11.7) Staves
 + Level 6.7(11.7) Slings
 + Level 6.7(11.7) Bows
 + Level 6.7(11.7) Crossbows
 + Level 6.7(11.7) Throwing
 + Level 6.7(11.7) Armour
 + Level 8.2(13.2) Dodging
 + Level 6.7(11.7) Stealth
 + Level 6.7(11.7) Shields
 + Level 9.5(14.5) Unarmed Combat
 + Level 8.5 Spellcasting
 + Level 5.6 Conjurations
 + Level 5.6 Hexes
 + Level 5.6 Charms
 + Level 5.6 Summonings
 + Level 5.6 Necromancy
 + Level 5.6 Translocations
 + Level 6.9 Transmutations
 + Level 5.6 Fire Magic
 + Level 5.6 Ice Magic
 + Level 5.6 Air Magic
 + Level 5.6 Earth Magic
 + Level 5.6 Poison Magic
 + Level 7.4 Invocations
 + Level 6.7 Evocations


You had 18 spell levels left.
You knew the following spells:

 Your Spells              Type           Power        Failure   Level  Hunger
a - Beastly Appendage     Tmut           #####.       3%          1    None
b - Sticks to Snakes      Tmut           #####...     4%          2    None
c - Spider Form           Tmut/Pois      ####......   8%          3    None
d - Ice Form              Ice/Tmut       ####....     17%         4    ###....

Your spell library contained the following spells:

 Spells                   Type           Power        Failure   Level  Hunger
 Confusing Touch          Hex            ####..       4%          1    None
 Sting                    Conj/Pois      ####         4%          1    None
 Summon Small Mammal      Summ           ####         4%          1    None
 Call Imp                 Summ           ####....     6%          2    None
 Poisonous Vapours        Pois/Air       ####..       6%          2    None
 Call Canine Familiar     Summ           ####....     9%          3    None
 Confuse                  Hex            ####....     9%          3    None
 Gell's Gravitas          Tloc           ####......   9%          3    None
 Mephitic Cloud           Conj/Pois/Air  ####....     9%          3    None
 Summon Guardian Golem    Hex/Summ       ####....     9%          3    None
 Petrify                  Tmut/Erth      ####....     17%         4    ###....
 Olgreb's Toxic Radiance  Pois           ####....     21%         4    ###....
 Summon Ice Beast         Ice/Summ       ####....     21%         4    ###....
 Summon Lightning Spire   Summ/Air       ####....     21%         4    ###....
 Blade Hands              Tmut           #####.....   30%         5    #####..
 Yara's Violent Unravell  Hex/Tmut       ####......   36%         5    #####..
 Metabolic Englaciation   Hex/Ice        ####......   43%         5    #####..
 Venom Bolt               Conj/Pois      ####......   43%         5    #####..


Dungeon Overview and Level Annotations

Branches:
Dungeon (13/15)            Temple (1/1) D:7            Lair (0/6) D:10
    Orc (0/2) D:9
 Vaults: D:13-14

Altars:
Ashenzari
Cheibriados
Dithmenos
Elyvilon
Fedhas
Gozag
Hepliaklqana
Kikubaaqudgha
Makhleb
Nemelex Xobeh
Okawaru
Qazlal
Ru
Sif Muna
Trog
Uskayaw
Vehumet
Wu Jian
Xom
Yredelemnul
Zin
The Shining One

Shops:
D:4 [   D:7 (   D:8 (   D:12 [

Annotations:
D:10 1 runed door, pidr's ghost, journeyman OpAr Gauntlet 8 transporters


Innate Abilities, Weirdness & Mutations

Your experience applies equally to all skills.
((You have very sharp teeth.))
Your uncanny sense of smell can sniff out nearby items.


Message History

Unknown command.
Unknown command.
You gain the combat prowess of a mighty hero.
You enter the transporter and appear at another place.
A minotaur comes into view.
It is wielding the +8 quarterstaff of Death {elec,
Found a glowing morningstar.
Found a gate leading back out of this place.
There is an open door here.
The minotaur drinks a potion.
The minotaur seems to speed up.
Your transformation is almost over.
The minotaur hits you with the +8 quarterstaff of Death {elec, rElec rF+ MP+9}!
The minotaur closely misses you.
You bite the minotaur!
The minotaur is poisoned.
The minotaur is lightly wounded.
The minotaur hits you with the +8 quarterstaff of Death {elec, rElec rF+ You are electrocuted!
* * * LOW HITPOINT WARNING * * *
The minotaur closely misses you.
The minotaur throws a javelin.
The javelin hits you!!!
You die...

. ...........#
#.###.###.####
.###.###.###
..........#
#.###.###.#
#.###.###.###.#
#.............#
######'#######
#..s..# ###.###
#≈.H.≈# #≈≈∩≈≈#
#≈≈≈≈≈# #######


You could see a minotaur.

Vanquished Creatures
  Harold (D:7)
  3 death yaks (Gauntlet)
  A necromancer (Gauntlet)
  A deep elf mage (D:10)
  An ugly thing (D:11)
  A rust devil (Gauntlet)
  A torpor snail (Gauntlet)
  Maurice (D:8)
  A gargoyle (D:11)
  A troll (D:10)
  A merfolk (D:10)
  Prince Ribbit (D:7)
  A hippogriff (D:8)
  A ynoxinul (Gauntlet)
  6 yaks (D:9)
  A hungry ghost (D:7)
  Grum (D:8)
  A human (D:10)
  Menkaure (D:6)
  A porcupine (D:10)
  A phantom (D:9)
  6 orc warriors
  4 sky beasts
  A black bear (D:6)
  2 ice beasts
  6 ogres
  7 wolves
  11 centaurs
  9 bullfrogs
  A big kobold (D:9)
  3 scorpions
  6 wights
  A howler monkey (D:5)
  3 crimson imps
  A bullfrog zombie (D:5)
  A centaur zombie (D:8)
  2 iron imps (Gauntlet)
  2 jellies
  8 orc priests
  8 hounds
  6 orc wizards
  2 bullfrog skeletons (D:8)
  4 iguanas
  6 worker ants
  A hound skeleton (D:10)
  A worker ant zombie (D:5)
  A gnoll (D:12)
  14 adders
  2 shadow imps
  2 oozes
  3 adder skeletons
  A worm (D:3)
  3 dart slugs
  4 leopard geckos
  31 orcs
  5 ball pythons
  12 giant cockroaches
  9 hobgoblins
  6 jackals
  13 kobolds
  9 quokkas
  12 bats
  9 frilled lizards
  10 goblins
  A leopard gecko zombie (D:5)
  A quokka skeleton (D:8)
  A quokka zombie (D:7)
  10 rats
289 creatures vanquished.

Vanquished Creatures (collateral kills)
  2 orc warriors (D:9)
  3 orcs (D:9)
5 creatures vanquished.

Grand Total: 294 creatures vanquished

Notes
Turn   | Place    | Note
-------+----------+-------------------------------------------
     0 | D:1      | gruber the Gnoll Transmuter began the quest for the Orb.
     0 | D:1      | Reached XP level 1. HP: 17/17 MP: 6/6
   136 | D:1      | Reached XP level 2. HP: 21/23 MP: 5/7
   423 | D:1      | Reached XP level 3. HP: 28/28 MP: 7/9
   491 | D:1      | Reached skill level 5 in Spellcasting
   847 | D:2      | Reached skill level 1 in Invocations
   885 | D:2      | Reached skill level 1 in Short Blades
   885 | D:2      | Reached skill level 1 in Long Blades
   885 | D:2      | Reached skill level 1 in Axes
   885 | D:2      | Reached skill level 1 in Maces & Flails
   885 | D:2      | Reached skill level 1 in Polearms
   885 | D:2      | Reached skill level 1 in Staves
   885 | D:2      | Reached skill level 1 in Slings
   885 | D:2      | Reached skill level 1 in Bows
   885 | D:2      | Reached skill level 1 in Crossbows
   885 | D:2      | Reached skill level 1 in Throwing
   885 | D:2      | Reached skill level 1 in Armour
   885 | D:2      | Reached skill level 1 in Stealth
   885 | D:2      | Reached skill level 1 in Shields
   885 | D:2      | Reached skill level 1 in Evocations
   885 | D:2      | Reached XP level 4. HP: 22/34 MP: 9/11
   889 | D:2      | Learned a level 2 spell: Sticks to Snakes
   893 | D:2      | Learned a level 3 spell: Spider Form
   943 | D:2      | Learned a level 4 spell: Ice Form
  1173 | D:2      | Found a shadowy altar of Dithmenos.
  1347 | D:2      | Reached skill level 1 in Conjurations
  1347 | D:2      | Reached skill level 1 in Hexes
  1347 | D:2      | Reached skill level 1 in Charms
  1347 | D:2      | Reached skill level 1 in Summonings
  1347 | D:2      | Reached skill level 1 in Necromancy
  1347 | D:2      | Reached skill level 1 in Translocations
  1347 | D:2      | Reached skill level 1 in Fire Magic
  1347 | D:2      | Reached skill level 1 in Ice Magic
  1347 | D:2      | Reached skill level 1 in Air Magic
  1347 | D:2      | Reached skill level 1 in Earth Magic
  1347 | D:2      | Reached skill level 1 in Poison Magic
  1566 | D:2      | Reached XP level 5. HP: 40/40 MP: 8/12
  2313 | D:3      | Noticed a centaur
  2324 | D:3      | Killed a centaur
  2324 | D:3      | Reached XP level 6. HP: 47/47 MP: 9/13
  2442 | D:4      | Found Fadaqus's Antique Armour Shoppe.
  2620 | D:4      | Reached skill level 5 in Dodging
  2663 | D:4      | Found a shattered altar of Ashenzari.
  2663 | D:4      | Found a hide-covered altar of Uskayaw.
  2736 | D:4      | Reached XP level 7. HP: 12/52 MP: 7/15
  3123 | D:5      | Entered Level 5 of the Dungeon
  3360 | D:5      | Found a glowing drain.
  3368 | D:5      | Reached skill level 7 in Unarmed Combat
  3389 | D:5      | Got a distressingly furry chain mail
  3399 | Sewer    | Entered a sewer
  3965 | D:5      | Reached XP level 8. HP: 49/60 MP: 14/16
  5132 | D:6      | Noticed Menkaure
  5137 | D:6      | Killed Menkaure
  5137 | D:6      | Reached XP level 9. HP: 66/66 MP: 13/18
  5402 | D:6      | Reached skill level 5 in Transmutations
  6282 | D:7      | Found a staircase to the Ecumenical Temple.
  6299 | Temple   | Entered the Ecumenical Temple
  6430 | D:7      | Noticed Harold
  6456 | D:7      | Killed Harold
  6456 | D:7      | Reached skill level 5 in Fighting
  6456 | D:7      | Reached skill level 8 in Unarmed Combat
  6456 | D:7      | Reached skill level 5 in Invocations
  7039 | D:7      | Noticed Prince Ribbit
  7046 | D:7      | Killed Prince Ribbit
  7046 | D:7      | Reached XP level 10. HP: 57/74 MP: 17/20
  7094 | D:7      | Identified the +6 chain mail "Ryeriluch" {Regen+ Int+7}
                  | (You found it on level 5 of the Dungeon)
  7140 | D:7      | Found a shattered altar of Ashenzari.
  7227 | D:7      | Found Hyuwet's Antique Weapon Emporium.
  7532 | D:8      | Reached skill level 5 in Short Blades
  7532 | D:8      | Reached skill level 5 in Long Blades
  7532 | D:8      | Reached skill level 5 in Axes
  7532 | D:8      | Reached skill level 5 in Maces & Flails
  7532 | D:8      | Reached skill level 5 in Polearms
  7532 | D:8      | Reached skill level 5 in Staves
  7532 | D:8      | Reached skill level 5 in Slings
  7532 | D:8      | Reached skill level 5 in Bows
  7532 | D:8      | Reached skill level 5 in Crossbows
  7532 | D:8      | Reached skill level 5 in Throwing
  7532 | D:8      | Reached skill level 5 in Armour
  7532 | D:8      | Reached skill level 5 in Stealth
  7532 | D:8      | Reached skill level 5 in Shields
  7532 | D:8      | Reached skill level 5 in Evocations
  7881 | D:8      | Found Iritut's Weapon Shoppe.
  7960 | D:8      | Noticed Maurice
  7977 | D:8      | Killed Maurice
  7986 | D:8      | Noticed Grum
  7992 | D:8      | Killed Grum
  8830 | D:9      | Found an iron altar of Okawaru.
  8838 | D:9      | Became a worshipper of Warmaster Okawaru
  8870 | D:9      | Reached XP level 11. HP: 78/82 MP: 22/22
  9614 | D:9      | Found a staircase to the Orcish Mines.
  9871 | D:10     | Entered Level 10 of the Dungeon
  9938 | D:10     | Found a runed door.
  9938 | D:10     | Found a shimmering altar of Xom.
  9938 | D:10     | Noticed pidr's ghost (journeyman OpAr)
  9939 | D:10     | Noticed a +3 morningstar of chaos
 10027 | D:10     | Reached * piety under Okawaru
 10027 | D:10     | Reached skill level 9 in Unarmed Combat
 10275 | D:10     | Found a staircase to the Lair.
 10312 | D:10     | Noticed a deep elf mage
 10335 | D:10     | Killed a deep elf mage
 10335 | D:10     | Reached skill level 5 in Conjurations
 10335 | D:10     | Reached skill level 5 in Hexes
 10335 | D:10     | Reached skill level 5 in Charms
 10335 | D:10     | Reached skill level 5 in Summonings
 10335 | D:10     | Reached skill level 5 in Necromancy
 10335 | D:10     | Reached skill level 5 in Translocations
 10335 | D:10     | Reached skill level 5 in Fire Magic
 10335 | D:10     | Reached skill level 5 in Ice Magic
 10335 | D:10     | Reached skill level 5 in Air Magic
 10335 | D:10     | Reached skill level 5 in Earth Magic
 10335 | D:10     | Reached skill level 5 in Poison Magic
 10677 | D:10     | You fall through a shaft for 3 floors!
 10944 | D:12     | Found Litaom's Antique Armour Shop.
 11002 | D:11     | Noticed a six-headed hydra
 11024 | D:11     | Noticed a green ugly thing
 11035 | D:11     | Killed a green ugly thing
 11039 | D:11     | Reached ** piety under Okawaru
 11234 | D:11     | Noticed a manticore
 11259 | D:11     | Found a gate leading to a gauntlet.
 11268 | Gauntlet | Entered a Gauntlet
 11268 | Gauntlet | Found a transporter.
 11268 | Gauntlet | Found a transporter.
 11293 | Gauntlet | Found a transporter.
 11293 | Gauntlet | Noticed a death ooze
 11385 | Gauntlet | Found a transporter.
 11397 | Gauntlet | Found a transporter.
 11413 | Gauntlet | Found a transporter.
 11488 | Gauntlet | Found a transporter.
 11513 | Gauntlet | Found a transporter.
 11548 | Gauntlet | Found a transporter.
 11567 | Gauntlet | Found a transporter.
 11838 | Gauntlet | Found a transporter.
 11838 | Gauntlet | Noticed a death yak
 11838 | Gauntlet | Noticed a death yak
 11839 | Gauntlet | Noticed a death yak
 11840 | Gauntlet | Found a transporter.
 11848 | Gauntlet | Found a transporter.
 11854 | Gauntlet | Noticed a necromancer
 11868 | Gauntlet | Found a transporter.
 11871 | Gauntlet | Noticed a hell hog
 11873 | Gauntlet | Killed a death yak
 11873 | Gauntlet | Reached *** piety under Okawaru
 11884 | Gauntlet | Killed a necromancer
 11889 | Gauntlet | Killed a death yak
 11891 | Gauntlet | Killed a death yak
 11891 | Gauntlet | Reached **** piety under Okawaru
 11891 | Gauntlet | Reached XP level 12. HP: 27/91 MP: 24/24
 12226 | Gauntlet | Identified the +8 quarterstaff of Death {elec, rElec rF+
                  | MP+9}
 12226 | Gauntlet | Identified the ring of Heuc {AC+4 Dex+2}
 12226 | Gauntlet | Noticed a minotaur
 12231 | Gauntlet | Hit by a javelin thrown by a minotaur

Vault maps used:
D:1:      matt_arrival_refuge
D:2:      overflow_temple_1_default, first_ration
D:3:      minmay_goblin_outpost
D:4:      gammafunk_temple_overflow_elements, serial_shops, shop_fountains,
          grunt_ministairs_12
D:5:      portal_sewer_entry_a
D:6:      uniq_menkaure
D:7:      minmay_temple_entry_antechambers, basic_altar, serial_shops,
          nicolae_shop_stone, serial_park_tiny_pond, uniq_harold,
          uniq_prince_ribbit1
D:8:      serial_shops, shop_coins, uniq_maurice, uniq_grum
D:9:      okawaru_gym_becter, david_orc_4
D:10:     grunt_lair_entry_orc_guard_hut, ebering_ghost_xom,
          hangedman_stone_soup, uniq_sonja
D:11:     ebering_ghost_inner_flame, gauntlet_entry_generic
D:12:     serial_shops, nicolae_shop_stone, kennysheep_mini, shop, shop, shop
D:13:     erik_vaults_1, special_room, uniq_kirke, uniq_azrael
Temple:   compressed_dpeg_circular_temple
Sewer:    sewer_frog_island_01
Gauntlet: gammafunk_gauntlet_branching

Skill      XL: |  1  2  3  4  5  6  7  8  9 10 11 |
---------------+----------------------------------+-----
Spellcasting   | 5 6 7 8 |  8.5
Invocations    | 1 2 3 4 5 6 7 |  7.4
Short Blades   | 1 2 3 4 5 6 |  6.7
Long Blades    | 1 2 3 4 5 6 |  6.7
Axes           | 1 2 3 4 5 6 |  6.7
Maces & Flails | 1 2 3 4 5 6 |  6.7
Polearms       | 1 2 3 4 5 6 |  6.7
Staves         | 1 2 3 4 5 6 |  6.7
Slings         | 1 2 3 4 5 6 |  6.7
Bows           | 1 2 3 4 5 6 |  6.7
Crossbows      | 1 2 3 4 5 6 |  6.7
Throwing       | 1 2 3 4 5 6 |  6.7
Armour         | 1 2 3 4 5 6 |  6.7
Stealth        | 1 2 3 4 5 6 |  6.7
Shields        | 1 2 3 4 5 6 |  6.7
Evocations     | 1 2 3 4 5 6 |  6.7
Conjurations   | 1 2 3 4 5 |  5.6
Hexes          | 1 2 3 4 5 |  5.6
Charms         | 1 2 3 4 5 |  5.6
Summonings     | 1 2 3 4 5 |  5.6
Necromancy     | 1 2 3 4 5 |  5.6
Translocations | 1 2 3 4 5 |  5.6
Fire Magic     | 1 2 3 4 5 |  5.6
Ice Magic      | 1 2 3 4 5 |  5.6
Air Magic      | 1 2 3 4 5 |  5.6
Earth Magic    | 1 2 3 4 5 |  5.6
Poison Magic   | 1 2 3 4 5 |  5.6
Fighting       | 3 4 5 6 7 |  7.3
Transmutations | 4 5 6 |  6.9
Dodging        | 5 6 7 8 |  8.2
Unarmed Combat | 7 8 9 |  9.5

Action                   |  1- 3 |  4- 6 |  7- 9 | 10-12 || total
-------------------------+-------+-------+-------+-------++-------
Melee: Unarmed           |    61 |   135 |   281 |   406 ||   883
       Bite              |     4 |     8 |     4 |     5 ||    21
       Kick              |     6 |     8 |       |       ||    14
       Punch             |     2 |     2 |     2 |     2 ||     8
       Headbutt          |     2 |     1 |       |       ||     3
       Mace              |       |       |    14 |    29 ||    43
 Cast: Beastly Appendage |    15 |    10 |       |       ||    25
       Spider Form       |       |    16 |    31 |    34 ||    81
       Ice Form          |       |       |     6 |     8 ||    14
       Sticks to Snakes  |       |       |       |    18 ||    18
Invok: Heroism           |       |       |       |     4 ||     4
 Abil: End Transformatio |       |       |       |     1 ||     1
Evoke: Wand              |       |       |     1 |       ||     1
  Use: Potion            |       |     1 |       |     6 ||     7
       Scroll            |       |       |     3 |     7 ||    10
 Stab: Sleeping          |     4 |     1 |    10 |     8 ||    23
       Invisible         |       |       |       |     3 ||     3
       Distracted        |       |       |       |     1 ||     1
  Eat: Chunk             |       |     7 |    15 |    16 ||    38
       Ration            |       |       |       |     1 ||     1
Armor: Robe              |     6 |    17 |    11 |     6 ||    40
       Skin              |       |     1 |    13 |     4 ||    18
Dodge: Dodged            |    36 |   118 |   228 |   405 ||   787

Table legend:
 A = Non-vault XP
 B = Vault XP
 C = Vault XP percentage of total XP
 D = Non-vault monster count
 E = Vault monster count
 F = Vault count percentage of total count
                 A         B        C        D         E       F
            +---------+---------+-------+---------+---------+-------
      Total |    9493 |    9668 |  50.5 |     221 |      73 |  24.8
            +---------+---------+-------+---------+---------+-------
        D:1 |      46 |       0 |   0.0 |      29 |       0 |   0.0
        D:2 |     127 |       0 |   0.0 |      27 |       0 |   0.0
        D:3 |     165 |       6 |   3.5 |      15 |       3 |  16.7
        D:4 |     279 |       0 |   0.0 |      14 |       0 |   0.0
        D:5 |     646 |      21 |   3.1 |      20 |       7 |  25.9
        D:6 |    1206 |     157 |  11.5 |      25 |       1 |   3.8
        D:7 |     992 |    1264 |  56.0 |      25 |       2 |   7.4
        D:8 |    1295 |     952 |  42.4 |      22 |       5 |  18.5
        D:9 |    2385 |     518 |  17.8 |      25 |      15 |  37.5
       D:10 |     650 |    1627 |  71.5 |       9 |       8 |  47.1
       D:11 |    1687 |       0 |   0.0 |       9 |       0 |   0.0
       D:12 |      15 |       0 |   0.0 |       1 |       0 |   0.0
      Sewer |       0 |     232 | 100.0 |       0 |      19 | 100.0
   Gauntlet |       0 |    4891 | 100.0 |       0 |      13 | 100.0
            +---------+---------+-------+---------+---------+-------
